 Dungeon Crawl Stone Soup version 0.17-a0-2231-gd80ca38 (webtiles) character file.

37 Ijustatesigmund the Sneak (level 3, 0/21 HPs)
             Began as an Octopode Wizard on Oct 29, 2015.
             Succumbed to a kobold's poison
             ... on level 1 of the Dungeon.
             The game lasted 00:06:54 (1629 turns).

Ijustatesigmund the Sneak (Octopode Wizard)         Turns: 1629, Time: 00:06:54

Health: 0/21       AC:  5    Str: 11    XL:     3   Next: 39%
Magic:  7/7        EV: 12    Int: 21    God:
Gold:   50         SH:  0    Dex: 10    Spells: 3 memorised, 3 levels left

rFire  . . .     SeeInvis .     f - +3 short sword (vamp)
rCold  . . .     Clarity  .     (no shield)
rNeg   . . .     SustAt   .     a - +1 hat
rPois  .         Gourm    .     (no amulet)
rElec  .         Spirit   .     d - +3 ring of protection
rCorr  .         Warding  .     (no ring)
rMut   .         Stasis   .     (no ring)
MR     .....                    (no ring)
Stlth  +++.......               (no ring)
                                (no ring)
                                (no ring)
                                (no ring)

@: mighty, lethally poisoned (0 -> -1), repel missiles, not resistant to hostile
enchantments, fairly stealthy
A: almost no armour, amphibious, 8 rings, constrict 8, camouflage 1, gelatinous
body 1
a: no special abilities


You were on level 1 of the Dungeon.
You were not hungry.

You visited 1 branch of the dungeon, and saw 2 of its levels.

You collected 50 gold pieces.

Inventory:

Hand Weapons
 f - a +3 vampiric short sword (weapon)
Armour
 a - a +1 hat (worn)
Jewellery
 d - a +3 ring of protection (left tentacle)
Books
 b - a book of Minor Magic

   Spells                             Type                      Level
   a - Magic Dart                     Conjuration                  1
   b - Blink                          Translocation                2
   c - Call Imp                       Summoning                    2
   d - Repel Missiles                 Charms/Air                   2
   e - Slow                           Hexes                        2
   f - Conjure Flame                  Conjuration/Fire             3
   g - Mephitic Cloud                 Conjuration/Poison/Air       3
Comestibles
 c - 2 bread rations
 g - a meat ration


   Skills:
 + Level 1.3 Short Blades
 - Level 2.0 Dodging
 + Level 3.5 Stealth
 - Level 3.0 Spellcasting
 + Level 2.2 Conjurations
   Level 1.0 Summonings
 - Level 1.0 Translocations


You had 3 spell levels left.
You knew the following spells:

 Your Spells              Type           Power        Failure   Level  Hunger
a - Magic Dart            Conj           ##..         8%          1    None
b - Blink                 Tloc           N/A          14%         2    ##.....
c - Repel Missiles        Chrm/Air       #.....       21%         2    ##.....


Dungeon Overview and Level Annotations

Branches:
Dungeon (2/15)

Altars:
Gozag

Annotations:
D:2 Sigmund, Terence


Innate Abilities, Weirdness & Mutations

You cannot wear most types of armour.
You are amphibious.
You can wear up to eight rings at the same time.
You can use your tentacles to constrict eight enemies at once.
Your skin changes colour to match your surroundings (Stealth).
Your rubbery body absorbs attacks (AC +1).


Message History

* * * LOW HITPOINT WARNING * * *
You feel sick. What do you say? t - Shout!
Orders for allies: a - Attack new target. r - Retreat! s - Stop attacking. w - Wait here. f - Follow me.
Anything else - Stay silent.
You shout for attention!
* * * LOW HITPOINT WARNING * * *
You feel sick.
* * * LOW HITPOINT WARNING * * *
You feel sick.
* * * LOW HITPOINT WARNING * * *
You feel sick.
* * * LOW HITPOINT WARNING * * *
You feel sick.
* * * LOW HITPOINT WARNING * * *
You feel sick.
You die...

#.##.######.# #......#..
####.........#.#########.....###.
..#####.###...........##......#..
#.# #.# ##>#.######.###[#......
#.# #.# #.#.# #.# #.#...#.. #.#
#.# #.#.# #.# #.#...... #.# #.#
#.#.# #.# #.#.#.#.. #.#
#.####.#.######.###.#.#.##. #.#
#.........@................ #.#
###############.###........ #.#
#.# ###...... #.# #.# ###.### #.#
#.#######.... #.#
####.##.....####
#.################.......###.....
#................#.#.....# #.###.
################.#.#...#.###.###.


There were no monsters in sight!

Vanquished Creatures
  A worm (D:2)
  2 giant cockroaches (D:1)
  3 hobgoblins
  2 jackals (D:2)
  7 kobolds
  6 bats
  A giant gecko (D:2)
  3 giant newts
  3 goblins (D:1)
  3 rats (D:1)
31 creatures vanquished.

Notes
Turn   | Place    | Note
--------------------------------------------------------------
     0 | D:1      | Ijustatesigmund the Octopode Wizard began the quest for the Orb.
     0 | D:1      | Reached XP level 1. HP: 11/11 MP: 4/4
   498 | D:1      | Reached XP level 2. HP: 17/17 MP: 6/6
   502 | D:1      | Learned a level 2 spell: Blink
   505 | D:1      | Learned a level 2 spell: Repel Missiles
   806 | D:1      | You fall through a shaft!
   902 | D:2      | Noticed Terence
  1090 | D:2      | Reached XP level 3. HP: 21/21 MP: 3/7
  1152 | D:2      | Found an opulent altar of Gozag.
  1154 | D:2      | Reached skill level 1 in Short Blades
  1207 | D:2      | Noticed Sigmund
  1621 | D:1      | HP: 1/21 [poisoned by a kobold]
  1629 | D:1      | Succumbed to a kobold's poison

Vault maps used:
D:1:      dpeg_arrival_rooms_b
D:2:      first_bread, nicolae_gozag_seed_capital, uniq_terence, uniq_natasha,
          uniq_sigmund, uniq_robin

Action                   || total
-------------------------++-------
Melee: Unarmed           ||     8
       Short sword       ||    25
 Cast: Magic Dart        ||    61
       Repel Missiles    ||     1
  Use: Scroll            ||     5
       Potion            ||     1
 Stab: Sleeping          ||     5
  Eat: Bread ration      ||     1
       Chunk             ||     2
